Map: Orbital Shipyard

Players

MorN

  • Race: Terran Terran
  • League: Master

Enough - Winner!

  • Race: Zerg Zerg
  • League: Master

VOD

Have the link to the VOD?

Description

Time

  • Played on: Nov. 23, 2015, 8:36 p.m.
  • Length: 12:20
Show
View Real Time Build Order
Export as new Build Order

MorN Terran 

Build Orders: Reaper Expand, MMM Bio 

Get SALT Encoding   

  12  0:00  SCV  
  13  0:12  SCV  
  14  0:17  Supply Depot  
  14  0:25  SCV  
  15  0:39  SCV  
  15  0:40  Barracks  
  16  0:44  Refinery  
  16  0:53  SCV  
  17  1:05  SCV  
  18  1:17  SCV  
  19  1:29  Reaper  
  19  1:30  Orbital Command  
  20  1:40  Command Center  
  20  1:52  Supply Depot  
  20  1:59  SCV  
  21  2:01  Reaper  
  22  2:13  SCV  
  23  2:25  SCV  
  23  2:27  Factory  
  24  2:39  SCV  
  25  2:44  Command Center  
  25  2:49  Barracks Reactor  
  25  2:51  Refinery  
  25  2:52  SCV  
  25  2:53  Orbital Command  
  26  3:04  SCV  
  27  3:18  SCV  
  28  3:20  SCV  
  28  3:23  Starport  
  28  3:26  Factory Tech Lab  
  29  3:30  SCV, Marine x2  
  29  3:33  SCV  
  33  3:43  SCV  
  33  3:45  SCV  
  35  3:51  Marine x2  
  35  3:55  SCV  
  38  3:57  SCV  
  38  3:58  Orbital Command  
  38  4:01  Siege Tank  
  42  4:07  SCV  
  42  4:08  Marine x2  
  42  4:09  SCV  
  45  4:12  Medivac  
  47  4:19  SCV  
  47  4:22  SCV  
  49  4:25  SCV  
  49  4:26  Marine x2  
  49  4:31  SCV  
  52  4:49  Barracks  
  52  4:50  Barracks  
  52  4:53  Factory Reactor  
  52  4:56  SCV  
  52  4:59  Refinery  
  53  5:00  Stimpack, Barracks  
  53  5:01  Barracks  
  53  5:02  SCV, Starport Reactor  
  53  5:05  SCV, Refinery, Supply Depot  
  55  5:08  SCV, Marine  
  55  5:11  Supply Depot  
  57  5:14  SCV  
  57  5:17  SCV  
  57  5:20  Engineering Bay x2  
  57  5:21  SCV  
  60  5:26  SCV, Marine  
  62  5:29  SCV  
  63  5:36  SCV  
  63  5:38  Supply Depot  
  64  5:45  Factory Reactor  
  63  5:58  Marine x2  
  63  6:00  Orbital Command, Marine  
  63  6:01  Barracks Reactor x2  
  61  6:04  Marine  
  61  6:05  Marine  
  61  6:06  Medivac x2  
  61  6:07  Missile Turret  
  61  6:08  Terran Infantry Weapons Level 1, Terran Infantry Armor Level 1  
  61  6:09  Missile Turret  
  64  6:15  Marine  
  64  6:16  Supply Depot, Marine  
  64  6:17  Supply Depot, Marine  
  67  6:22  Marine x2  
  67  6:23  Missile Turret  
  69  6:33  Marine x2  
  69  6:35  Marine  
  69  6:36  Missile Turret  
  69  6:38  Command Center  
  69  6:39  Barracks  
  71  6:40  Barracks, Marine  
  71  6:41  Barracks  
  69  6:48  Marine x2  
  69  6:49  Missile Turret  
  69  6:58  Marine x5  
  74  7:15  SCV x2  
  76  7:16  Armory  
  76  7:17  Marine x4  
  76  7:18  Marine x5  
  76  7:22  Combat Shields  
  85  7:23  Medivac x2  
  85  7:25  SCV  
  85  7:29  Barracks Reactor  
  90  7:34  Missile Turret  
  90  7:35  Marine  
  91  7:37  Marine  
  91  7:38  Missile Turret, Marine x3  
  91  7:39  Marine x2  
  91  7:40  Widow Mine x2  
  101  7:49  Barracks Reactor  
  101  7:50  Marauder, Marine  
  104  7:53  Marine  
  104  7:54  SCV  
  106  7:59  Supply Depot  
  106  8:00  Supply Depot  
  106  8:06  Marine x2  
  106  8:08  Marine x3  
  106  8:09  Supply Depot  
  106  8:10  Marine x4  
  106  8:12  Barracks Tech Lab  
  115  8:15  Barracks Tech Lab  
  115  8:18  Supply Depot  
  115  8:19  Terran Infantry Weapons Level 2  
  115  8:20  Terran Infantry Armor Level 2  
  115  8:21  Marauder  
  115  8:24  Marine x2  
  115  8:26  Marine x2  
  121  8:30  Marine x2  
  121  8:31  Marauder  
  125  8:35  Marauder, Marine x2  
  129  8:42  Marauder  
  129  8:44  Marine x3  
  129  8:52  Marauder  
  129  8:54  Widow Mine, Marine x3  
  130  8:57  Marauder  
  130  9:02  Marine x2  
  133  9:03  Marauder  
  133  9:04  Marine x2  
  133  9:05  Marine x2  
  131  9:11  Supply Depot  
  131  9:14  Marauder  
  128  9:18  Marauder  
  128  9:19  Marine x4  
  130  9:25  Marauder  
  130  9:28  Marine x3  
  135  9:35  Marauder  
  135  9:40  Marauder  
  135  9:43  Medivac x2  
  135  9:45  Marine x2  
  102  10:05  Marine x3  
  102  10:06  Marine, Marauder x2  
  110  10:08  SCV  
  110  10:09  SCV x2  
  110  10:13  Medivac x2  
  117  10:22  Planetary Fortress  
  117  10:23  Starport  
  117  10:33  Supply Depot x2  
  117  10:38  Missile Turret, Marine x2  
  117  10:39  Marauder x3, Marine x2  
  117  10:40  Marine  
  128  10:44  Medivac x2  
  121  10:57  Ghost Academy  
  121  10:58  Marine x2  
  121  10:59  Marine  
  121  11:01  Marauder x2  
  121  11:04  Starport Reactor  
  128  11:06  SCV x2  
  130  11:14  Medivac  
  130  11:17  Command Center  
  124  11:28  Marine x3  
  124  11:29  Marauder x3  
  122  11:34  Marine x3  
  122  11:39  SCV x2  
  122  11:50  Marauder  
  122  11:51  Marine x2, Marauder x2  
  128  12:03  SCV x2  
  128  12:06  Supply Depot  
Show
View Real Time Build Order
Export as new Build Order

Enough Zerg - Winner!

Build Orders: Hatch First, Muta Ling Bane 

Get SALT Encoding   

  12  0:00  Drone  
  13  0:12  Overlord  
  13  0:18  Drone  
  14  0:31  Drone x2  
  14  0:35  Drone  
  17  0:52  Hatchery  
  17  0:55  Drone  
  17  0:58  Drone  
  18  1:06  Extractor  
  17  1:14  Spawning Pool  
  17  1:16  Drone  
  17  1:19  Drone  
  18  1:28  Drone  
  19  1:38  Overlord  
  19  1:49  Drone  
  20  2:01  Queen  
  20  2:04  Zergling x4  
  20  2:05  Queen  
  26  2:09  Metabolic Boost  
  26  2:11  Drone  
  26  2:14  Drone  
  28  2:22  Drone  
  29  2:25  Drone  
  30  2:32  Overlord  
  30  2:36  Drone  
  31  2:38  Queen  
  31  2:43  Drone  
  34  2:48  Drone  
  35  2:54  Drone  
  35  2:57  Drone  
  37  3:11  Drone x5  
  42  3:14  Lair  
  42  3:15  Drone x2  
  44  3:20  Overlord  
  44  3:30  Extractor  
  44  3:32  Extractor, Zergling x2  
  44  3:33  Zergling x2  
  44  3:38  Overlord  
  44  3:39  Drone  
  46  3:41  Drone  
  46  3:42  Extractor  
  46  3:48  Drone x7  
  52  3:59  Drone  
  52  4:00  Drone  
  54  4:08  Hatchery  
  54  4:09  Overlord  
  53  4:10  Overlord  
  53  4:18  Spire  
  52  4:31  Drone x7  
  59  4:39  Drone  
  59  4:40  Drone  
  59  4:41  Hatchery  
  60  4:49  Evolution Chamber  
  60  4:50  Evolution Chamber, Drone x3  
  61  4:56  Zergling x4  
  63  5:07  Drone x2  
  63  5:09  Drone  
  63  5:10  Drone  
  63  5:11  Drone  
  68  5:15  Overlord  
  68  5:17  Overlord  
  68  5:19  Overlord  
  68  5:25  Zerg Ground Armor Level 1  
  68  5:30  Hatchery, Zerg Melee Weapons Level 1  
  68  5:34  Mutalisk x2  
  71  5:36  Mutalisk  
  71  5:41  Mutalisk x2  
  76  5:51  Mutalisk x3  
  80  5:58  Mutalisk  
  82  6:04  Drone x10  
  82  6:11  Baneling Nest  
  88  6:12  Queen  
  88  6:13  Overlord  
  88  6:16  Zergling x6  
  93  6:21  Zergling x4  
  95  6:27  Extractor x2  
  95  6:30  Overlord, Infestation Pit  
  95  6:31  Drone  
  95  6:32  Pneumatized Carapace  
  91  6:55  Drone x10  
  91  6:56  Drone x7  
  106  7:05  Drone x3  
  109  7:10  Overlord  
  109  7:12  Overlord x2  
  109  7:15  Hive  
  109  7:16  Centrifical Hooks  
  109  7:19  Zergling x10  
  109  7:21  Queen  
  116  7:23  Drone  
  116  7:24  Drone  
  116  7:27  Zerg Ground Armor Level 2, Zerg Melee Weapons Level 2  
  116  7:29  Pathogen Glands  
  118  7:33  Drone x2, Extractor  
  118  7:35  Extractor, Zergling x2  
  119  7:46  Zergling x20  
  119  7:49  Overlord x3  
  128  7:55  Burrow  
  128  7:56  Queen  
  130  8:08  Zerg Flyer Armor Level 1  
  130  8:11  Corruptor x4  
  130  8:12  Corruptor  
  140  8:16  Baneling x3  
  140  8:25  Zergling x6  
  140  8:26  Zergling x30  
  158  8:27  Baneling x2  
  158  8:28  Baneling x5  
  158  8:31  Zergling x8  
  147  8:41  Zergling x16  
  149  8:56  Overlord x5  
  149  8:57  Adrenal Glands, Ultralisk Cavern  
  143  9:08  Queen  
  132  9:12  Baneling x2  
  132  9:13  Baneling  
  132  9:23  Zergling x38  
  149  9:28  Queen  
  151  9:36  Zergling x14  
  142  9:45  Zergling x4  
  142  9:46  Zergling x12  
  142  9:52  Chitinous Plating  
  142  9:57  Ultralisk  
  145  10:05  Zergling x10  
  150  10:10  Infestor x3  
  156  10:20  Baneling x7  
  156  10:21  Drone x3  
  156  10:22  Drone x5  
  156  10:24  Extractor  
  163  10:35  Ultralisk  
  169  10:36  Baneling x3  
  169  10:42  Zergling x8  
  173  10:45  Hatchery  
  163  10:58  Overseer  
  163  10:59  Ultralisk  
  163  11:01  Zergling x2  
  163  11:02  Zergling x8  
  174  11:07  Spore Crawler, Overlord  
  174  11:08  Overlord x2  
  174  11:10  Spore Crawler, Overlord  
  174  11:11  Overlord  
  169  11:31  Ultralisk x3  
  183  11:34  Zergling x6  
  183  11:35  Zergling x20  
  183  11:39  Extractor  
  197  11:57  Zergling x4  
Tags
 
Add a new tag
Caveats
  • Supply blocks, unpowered buildings, or Contaminate may cause inaccurate times.
  • Supply counts are checked every 10 seconds.